 Dungeon Crawl Stone Soup version 0.17.0-28-g6e173f8 (webtiles) character file.

143 Mathinus the Chopper (level 5, -1/47 HPs)
             Began as a Minotaur Berserker on Nov 24, 2015.
             Was a Believer of Trog.
             Slain by a river rat (6 damage)
             ... on level 3 of the Dungeon.
             The game lasted 00:10:52 (1635 turns).

Mathinus the Chopper (Minotaur Berserker)           Turns: 1635, Time: 00:10:52

Health: -1/47      AC:  3    Str: 22    XL:     5   Next: 4%
Magic:  4/4        EV: 12    Int:  4    God:    Trog [**....]
Gold:   127        SH:  0    Dex: 10    Spells: 0 memorised, 4 levels left

rFire  . . .     SeeInvis .     a - +0 hand axe
rCold  . . .     Clarity  .     e - +0 leather armour
rNeg   . . .     SustAt   .     (no shield)
rPois  .         Gourm    .     (helmet restricted)
rElec  .         Spirit   .     (no cloak)
rCorr  .         Warding  .     (no gloves)
rMut   .         Stasis   .     (no boots)
MR     .....                    (no amulet)
Stlth  +.........               (no ring)
                                (no ring)

@: very slightly contaminated, hasted, very quick, not resistant to hostile
enchantments, very unstealthy
A: retaliatory headbutt, horns 2
a: Berserk, Trog's Hand, Burn Spellbooks, Renounce Religion


You were on level 3 of the Dungeon.
You worshipped Trog.
Trog was pleased with you.
You were not hungry.

You visited 1 branch of the dungeon, and saw 3 of its levels.

You collected 127 gold pieces.

Inventory:

Hand Weapons
 a - a +0 hand axe (weapon)
Armour
 b - a +0 animal skin
 e - a +0 leather armour (worn)
 f - a +0 ring mail
 h - a +0 scale mail
Wands
 l - a wand of invisibility (2)
Scrolls
 j - 4 scrolls of remove curse {unknown}
Potions
 i - a potion of poison {unknown}
Comestibles
 c - 6 bread rations
 d - a meat ration
 k - a chunk of flesh


   Skills:
 + Level 4.6 Fighting
 + Level 4.7 Axes
 + Level 3.3 Armour
 + Level 3.7 Dodging
 + Level 0.3 Stealth


You had 4 spell levels left.
You didn't know any spells.

Dungeon Overview and Level Annotations

Branches:
Dungeon (3/15)

Altars:
Ashenzari
The Shining One


Innate Abilities, Weirdness & Mutations

You reflexively headbutt those who attack you in melee.
You have a pair of horns on your head.


Message History

You feel less exhausted.
You hit the river rat.
The river rat is moderately wounded.
The river rat completely misses you.
You hit the river rat.
The river rat is heavily wounded.
You hit the river rat but do no damage.
The river rat is heavily wounded.
The river rat bites you.
* * * LOW HITPOINT WARNING * * *
You closely miss the river rat.
The river rat is heavily wounded.
The river rat barely misses you. You furiously retaliate!
You headbutt the river rat. You barely miss the river rat.
The river rat is almost dead.
You closely miss the river rat.
The river rat is almost dead.
The river rat bites you.
You die...

****###### *≈≈≈#≈≈..##
*≈∩≈+≈≈≈..#
*≈≈≈#≈≈≈..#######
##+##≈.....†....#
#≈≈≈≈≈≈..#.####.#
#.≈.≈....#.# #.#
#.≈≈r@...#.# #.###
#........#.# #...#
#.##.#.....# #...#
#,*#.#.#####**#...#
*,,..$..,,,,,,#)..####
**##.#.##****,#.####..
#.#.# *,#...##.. #.*.#
*,#....#.. *,*,*
*,#....#..


You could see a river rat.

Vanquished Creatures
  3 gnolls (D:2)
  4 adders
  4 river rats
  3 worms
  A giant gecko (D:2)
  5 bats
  3 giant cockroaches
  3 hobgoblins
  4 kobolds
  A ball python (D:3)
  2 giant newts
  4 goblins
  4 rats
  3 plants (D:2)
  5 toadstools (D:1)
49 creatures vanquished.

Notes
Turn   | Place    | Note
--------------------------------------------------------------
     0 | D:1      | Mathinus the Minotaur Berserker began the quest for the Orb.
     0 | D:1      | Reached XP level 1. HP: 19/19 MP: 0/0
   391 | D:1      | Reached XP level 2. HP: 17/27 MP: 1/1
   496 | D:2      | Reached skill level 4 in Axes
   586 | D:2      | Reached XP level 3. HP: 26/33 MP: 2/2
   607 | D:2      | Found a glowing golden altar of the Shining One.
   822 | D:2      | Found a shattered altar of Ashenzari.
  1047 | D:2      | Reached XP level 4. HP: 33/41 MP: 3/3
  1461 | D:3      | Reached ** piety under Trog
  1601 | D:3      | Reached XP level 5. HP: 11/47 MP: 4/4
  1635 | D:3      | Slain by a river rat

Action                   |  1- 3 |  4- 6 || total
-------------------------+-------+-------++-------
Melee: Hand axe          |   118 |    60 ||   178
Invok: Berserk           |       |     1 ||     1
  Use: Scroll            |     2 |     1 ||     3
       Potion            |       |     1 ||     1
 Stab: Sleeping          |       |     1 ||     1
  Eat: Chunk             |       |     4 ||     4
